Map: Cactus Valley LE (Void)

Players

Zeal - Winner!

  • Race: Protoss Protoss

Neuro

  • Race: Zerg Zerg

VOD

http://www.twitch.tv/neurostarcraft/v/3984988

Description

Time

  • Played on: April 3, 2015, 6:31 p.m.
  • Length: 10:13
Show
View Real Time Build Order
Export as new Build Order

Zeal Protoss - Winner!

Build Orders: 1 Gate Expand, Immortal Disruptor Stalker, Immortal Drop 

Get SALT Encoding   

  12  0:01  Probe  
  13  0:14  Pylon  
  13  0:17  Probe  
  14  0:32  Probe (Chrono Boost)  
  14  0:34  Gateway  
  16  0:43  Probe (Chrono Boost)  
  16  0:49  Probe  
  17  1:01  Probe  
  18  1:11  Nexus  
  18  1:15  Probe  
  19  1:24  Cybernetics Core  
  19  1:28  Probe  
  20  1:33  Assimilator  
  20  1:37  Assimilator  
  20  1:44  Pylon  
  20  1:47  Probe (Chrono Boost)  
  21  2:00  Probe (Chrono Boost)  
  22  2:03  Zealot  
  25  2:09  Probe (Chrono Boost)  
  25  2:17  Probe (Chrono Boost)  
  25  2:22  Warp Gate  
  26  2:25  Probe (Chrono Boost)  
  26  2:28  Probe (Chrono Boost)  
  28  2:31  Sentry  
  28  2:33  Probe (Chrono Boost)  
  32  2:37  Probe (Chrono Boost), Pylon  
  32  2:41  Probe (Chrono Boost)  
  33  2:50  Probe x2 (Chrono Boost)  
  36  2:59  Robotics Facility  
  36  3:00  Probe (Chrono Boost)  
  36  3:03  Probe (Chrono Boost)  
  37  3:08  Sentry  
  37  3:10  Probe (Chrono Boost)  
  41  3:13  Probe (Chrono Boost)  
  41  3:17  Probe (Chrono Boost), Forge  
  44  3:27  Probe x2 (Chrono Boost)  
  44  3:32  Pylon  
  44  3:33  Assimilator  
  44  3:34  Probe (Chrono Boost), Assimilator  
  44  3:36  Sentry, Probe (Chrono Boost)  
  48  3:48  Probe (Chrono Boost)  
  50  3:50  Immortal (Chrono Boost)  
  50  3:51  Probe (Chrono Boost)  
  50  3:55  Probe (Chrono Boost)  
  55  3:56  Pylon  
  55  3:58  Probe  
  55  4:00  Pylon  
  56  4:04  Protoss Ground Weapons Level 1  
  56  4:07  Probe  
  57  4:10  Probe  
  62  4:21  Immortal (Chrono Boost)  
  62  4:27  Mothership Core  
  63  4:33  Gateway x2  
  63  4:38  Robotics Bay  
  65  4:47  Warp Prism (Chrono Boost)  
  65  4:48  Probe  
  65  4:50  Probe  
  65  4:51  Pylon  
  67  5:00  Probe  
  67  5:02  Probe  
  67  5:03  Pylon  
  69  5:08  Zealot  
  69  5:12  Probe  
  69  5:13  Pylon  
  73  5:14  Observer (Chrono Boost)  
  73  5:20  Probe  
  74  5:25  Probe  
  74  5:26  Photon Cannon  
  75  5:32  Probe  
  80  5:36  Disruptor (Chrono Boost), Photon Cannon  
  80  5:37  Probe  
  81  5:49  Probe x2  
  83  5:55  Nexus  
  83  5:59  Protoss Ground Armor Level 1 (Chrono Boost)  
  83  6:01  Probe x2  
  89  6:06  Disruptor (Chrono Boost)  
  89  6:13  Probe  
  90  6:21  Probe  
  90  6:25  Probe  
  92  6:35  Gateway  
  92  6:38  Gateway  
  92  6:40  Gateway  
  92  6:41  Pylon  
  92  6:44  Photon Cannon  
  92  6:49  Probe x2, Immortal (Chrono Boost)  
  92  6:51  Pylon  
  92  6:53  Pylon  
  98  7:00  Twilight Council  
  98  7:01  Disruptor  
  98  7:02  Assimilator  
  98  7:03  Nexus  
  98  7:05  Disruptor  
  98  7:06  Assimilator  
  98  7:10  Stalker x3  
  98  7:15  Photon Cannon  
  104  7:20  Photon Cannon  
  108  7:30  Disruptor (Chrono Boost)  
  107  7:42  Blink  
  107  7:43  Zealot x3  
  113  7:46  Protoss Ground Weapons Level 2 (Chrono Boost)  
  113  7:50  Nexus  
  117  8:02  Photon Cannon  
  117  8:03  Disruptor (Chrono Boost)  
  117  8:14  Disruptor, Photon Cannon  
  117  8:15  Pylon  
  117  8:16  Gateway  
  117  8:25  Stalker x3  
  123  8:31  Assimilator  
  123  8:35  Assimilator  
  123  8:38  Pylon  
  127  8:41  Disruptor  
  127  8:44  Stalker  
  127  8:47  Disruptor (Chrono Boost)  
  129  9:00  Stalker x5  
  139  9:07  Disruptor  
  139  9:14  Disruptor  
  139  9:21  Disruptor  
  139  9:22  Immortal (Chrono Boost)  
  139  9:26  Dark Shrine  
  139  9:31  Templar Archives, Zealot x4  
  135  10:01  Zealot x3  
  135  10:02  Zealot x4  
Show
View Real Time Build Order
Export as new Build Order

Neuro Zerg 

Build Orders: 3 Hatch before Pool, 3 Hatch before Pool, Roach Hydra 

Get SALT Encoding   

  12  0:01  Drone  
  13  0:14  Overlord  
  13  0:19  Drone  
  14  0:32  Drone x2  
  16  0:37  Drone  
  17  0:52  Drone  
  18  0:58  Hatchery  
  18  1:01  Drone  
  18  1:10  Drone  
  19  1:23  Hatchery  
  18  1:26  Drone  
  18  1:31  Drone  
  20  1:42  Drone, Extractor  
  20  1:46  Spawning Pool  
  19  1:51  Drone  
  20  2:06  Overlord  
  20  2:13  Drone x2  
  22  2:25  Drone x2  
  24  2:32  Queen  
  24  2:33  Queen  
  24  2:34  Drone x2  
  30  2:42  Metabolic Boost  
  30  2:45  Zergling x4  
  32  2:57  Drone  
  33  2:59  Queen  
  33  3:02  Drone  
  33  3:03  Drone x2  
  38  3:06  Drone x2  
  38  3:12  Overlord  
  40  3:16  Drone x2  
  42  3:21  Lair  
  42  3:26  Overlord  
  42  3:32  Drone x4  
  46  3:43  Overlord  
  46  3:45  Drone x5  
  51  3:49  Drone x3  
  54  3:56  Drone x3  
  54  3:57  Drone  
  59  4:02  Drone  
  59  4:03  Drone  
  59  4:08  Overlord x2  
  59  4:09  Drone  
  62  4:10  Drone x2  
  63  4:24  Extractor  
  63  4:25  Extractor  
  63  4:28  Extractor  
  63  4:29  Drone x6  
  63  4:31  Evolution Chamber x2  
  65  4:36  Extractor  
  65  4:37  Hatchery  
  62  4:38  Hydralisk Den, Extractor  
  62  4:39  Drone x2  
  62  4:41  Drone, Roach Warren  
  62  4:45  Drone x3  
  65  4:46  Drone  
  65  4:50  Drone x3  
  69  5:00  Drone x5  
  69  5:04  Drone x2  
  69  5:05  Drone x3  
  79  5:10  Muscular Augments  
  79  5:17  Overlord x3  
  79  5:20  Zerg Melee Weapons Level 1  
  79  5:22  Zerg Ground Armor Level 1  
  79  5:26  Infestation Pit  
  79  5:27  Overlord  
  78  5:29  Overlord  
  78  5:32  Burrow  
  78  5:36  Glial Reconstitution  
  78  5:37  Spore Crawler  
  77  5:43  Overseer  
  77  5:49  Hydralisk x5  
  85  5:50  Zergling x4  
  85  5:56  Zergling x2  
  85  5:57  Zergling x8  
  90  6:20  Hatchery  
  89  6:28  Hydralisk x3  
  95  6:49  Zergling x22  
  95  6:53  Overlord x7  
  106  7:08  Hive  
  106  7:17  Queen  
  106  7:19  Extractor x2  
  106  7:23  Roach x8  
  106  7:28  Zerg Missile Weapons Level 1  
  122  7:30  Extractor  
  96  7:49  Drone  
  96  7:50  Drone x5  
  100  7:51  Roach x6  
  100  7:52  Roach x2  
  114  8:16  Roach x7  
  114  8:17  Drone x5  
  119  8:21  Adrenal Glands  
  119  8:22  Ultralisk Cavern  
  116  8:38  Roach x16  
  146  8:42  Viper  
  146  8:43  Viper  
  152  8:53  Drone x2  
  152  8:54  Drone x5  
  145  9:02  Spire  
  123  9:24  Zergling x22  
  123  9:25  Zergling x16  
  123  9:28  Roach x11  
  123  9:30  Ravager x6  
  147  9:34  Overlord x3  
Tags
 
Add a new tag
Caveats
  • Supply blocks, unpowered buildings, or Contaminate may cause inaccurate times.
  • Supply counts are checked every 10 seconds.